 Dungeon Crawl Stone Soup version 0.17-a0-1421-g95311d7 (webtiles) character file.

350 urechis the Twirler (level 6, -1/35 HPs)
             Began as a Tengu Gladiator on June 24, 2015.
             Slain by a worker ant (5 damage)
             ... on level 4 of the Dungeon.
             The game lasted 00:06:57 (3696 turns).

urechis the Twirler (Tengu Gladiator)               Turns: 3696, Time: 00:06:58

Health: -1/35      AC: 11    Str: 20    XL:     6   Next: 60%
Magic:  5/7        EV: 15    Int:  8    God:
Gold:   156        SH:  0    Dex: 17    Spells: 0 memorised, 5 levels left

rFire  . . .     SeeInvis .     a - +0 quarterstaff
rCold  . . .     Clarity  .     k - +0 ring mail (curse)
rNeg   . . .     SustAt   .     (no shield)
rPois  .         Gourm    .     c - +0 hat
rElec  .         Spirit   .     h - +0 cloak
rCorr  .         Warding  .     l - +0 pair of gloves
rMut   .         Stasis   .     (boots unavailable)
MR     .....                    (no amulet)
Stlth  +.........               (no ring)
                                u - +4 ring of protection (curse)

@: mighty, lethally poisoned (-1 -> -7), flying quickly and evasively, quick,
not resistant to hostile enchantments, very unstealthy
A: beak, talons 3, able to fly 1
a: no special abilities


You were on level 4 of the Dungeon.
You were very hungry.

You visited 1 branch of the dungeon, and saw 4 of its levels.

You collected 156 gold pieces.

Inventory:

Hand weapons
 a - a +0 quarterstaff (weapon)
Missiles
 d - 3 throwing nets (quivered)
Armour
 c - a +0 hat (worn)
 h - a +0 cloak (worn)
 k - a cursed +0 ring mail (worn)
 l - a +0 pair of gloves (worn)
Jewellery
 u - a cursed +4 ring of protection (left hand)
Magical devices
 n - a wand of random effects (32)
Scrolls
 f - 8 scrolls of identify {unknown}
 i - a scroll of immolation {unknown}
 j - 2 scrolls of remove curse {unknown}
 m - a scroll of recharging {unknown}
 p - a scroll of noise {unknown}
 q - 3 scrolls of teleportation {unknown}
 s - a scroll of enchant weapon {unknown}
 t - 4 scrolls of fog {unknown}
Potions
 v - a potion of ambrosia {unknown}
Comestibles
 b - 7 fruits
 e - 5 bread rations
 g - 5 beef jerkies


   Skills:
 - Level 2.0 Fighting
 + Level 7.9 Staves
 - Level 2.1 Throwing
 - Level 3.2 Dodging


You had 5 spell levels left.
You didn't know any spells.

Dungeon Overview and Level Annotations

Branches:
Dungeon (4/15)
 Temple: D:4-7

Altars:
Ashenzari
Nemelex Xobeh
Vehumet
Zin


Innate Abilities, Weirdness & Mutations

You have a beak for a mouth.
You have claws for feet.
You can fly.


Message History

* * * LOW HITPOINT WARNING * * *
You are lethally poisoned!
The worker ant poisons you!
* * * LOW HITPOINT WARNING * * *
You feel sick.
The worker ant waves its antennae.
* * * LOW HITPOINT WARNING * * *
You feel sick. The giant cockroach misses you.
You hit the giant cockroach but do no damage.
You claw the giant cockroach, but do no damage.
You peck the giant cockroach.
You kill the giant cockroach!
* * * LOW HITPOINT WARNING * * *
You feel sick. The worker ant closely misses you.
Drink which item? (? for menu, Esc to quit)
It was a potion of might.
You feel very mighty all of a sudden. The worker ant bites you.
You die...

................###.....# ..
#####...........##......# .a.
##.......................#....
.#........................)....
...........)......##......#...[
..................##......#....
..................##...#### ...
.....>........†a..####.# ...
..............@..<# ### ##
.................##
#.........#.....##
....[.......######
.................# ###
..........###.#.## ..
##.......## #.#.# #.#
....[P....##.#.# ..#
.♣P.........##).#


You could see a worker ant.

Vanquished Creatures
  An ogre (D:4)
  The ghost of urechis the Twirler, an average TeGl (D:4)
  An iguana (D:4)
  A worker ant (D:3)
  A hound skeleton (D:4)
  Robin (D:2)
  6 adders
  2 oozes
  3 giant geckos (D:3)
  4 orcs (D:3)
  A ball python (D:3)
  5 giant cockroaches
  10 hobgoblins
  2 jackals (D:4)
  5 bats
  2 giant newts (D:2)
  12 goblins
  7 kobolds
  4 rats
69 creatures vanquished.

Notes
Turn   | Place    | Note
--------------------------------------------------------------
     0 | D:1      | urechis the Tengu Gladiator began the quest for the Orb.
     0 | D:1      | Reached XP level 1. HP: 12/12 MP: 2/2
   241 | D:1      | Reached XP level 2. HP: 14/17 MP: 3/3
   389 | D:1      | Reached skill level 4 in Staves
   799 | D:2      | Reached XP level 3. HP: 14/21 MP: 4/4
   906 | D:2      | Noticed Robin
   935 | D:2      | Killed Robin
   935 | D:2      | Reached skill level 5 in Staves
   942 | D:2      | HP: 1/21 [goblin/stone[Robin] (1)]
  1244 | D:2      | Reached XP level 4. HP: 26/26 MP: 5/5
  1277 | D:2      | Found a radiant altar of Vehumet.
  1597 | D:2      | Found a sparkling altar of Nemelex Xobeh.
  1610 | D:2      | Found a shattered altar of Ashenzari.
  2003 | D:3      | Reached skill level 6 in Staves
  2090 | D:3      | Gained mutation: You can fly. [Tengu growth]
  2090 | D:3      | Reached XP level 5. HP: 30/30 MP: 6/6
  2194 | D:3      | Found a glowing silver altar of Zin.
  2433 | D:4      | Noticed an ogre
  2788 | D:4      | Killed an ogre
  2788 | D:4      | Reached skill level 7 in Staves
  2788 | D:4      | Reached XP level 6. HP: 7/35 MP: 7/7
  2905 | D:4      | Noticed urechis's ghost (average TeGl)
  3663 | D:4      | Killed urechis's ghost
  3696 | D:4      | Slain by a worker ant

Vault maps used:
D:1:      saegor_arrival_simple_b, wad_floor_pattern_1,
          minmay_misc_feat_more_columns, grunt_decor_clamped
D:2:      minitemple, vehumet_crystals, st_stairs_6, uniq_robin
D:3:      zin_statuary
D:4:      temple_doors_e, first_bread, serial_park_tiny_1

Action                   |  1- 3 |  4- 6 || total
-------------------------+-------+-------++-------
Melee: Quarterstaff      |    83 |   147 ||   230
 Abil: Fly               |       |     1 ||     1
  Use: Potion            |       |     3 ||     3
  Eat: Chunk             |     1 |     5 ||     6
       Pizza             |       |     1 ||     1
